 Dungeon Crawl Stone Soup version 0.16.1-2-g95b8d4c (webtiles) character file.

119633 Psiweapon the Fighter (level 16, -2/106 HPs)
             Began as a Gargoyle Gladiator on Mar 26, 2015.
             Was the Champion of Makhleb.
             Slain by an Executioner (5 damage)
             ... summoned by the player character
             ... on level 3 of the Spider Nest on Mar 27, 2015.
             The game lasted 03:44:16 (35277 turns).

Psiweapon the Fighter (Gargoyle Gladiator)         Turns: 35277, Time: 03:44:17

Health: -2/106     AC: 41    Str: 29    XL:     16   Next: 80%
Magic:  31/31      EV: 20    Int: 17    God:    Makhleb [******]
Gold:   2534       SH:  0    Dex: 16    Spells: 3 memorised, 19 levels left

rFire  . . .     SeeInvis .     y - +2 bardiche (protect)
rCold  + . .     Clarity  .     D - +5 ring mail of the Journeyman {Int+4 Dex+4}
rNeg   + . .     SustAb   .     (no shield)
rPois  ∞         Gourm    .     c - +0 helmet
rElec  +         Spirit   .     M - +0 cloak
rCorr  +         Warding  .     f - +2 pair of gloves of Activism {rF- MR+ Int+5 Dex-2 Stlth+}
rMut   .         Stasis   .     I - +2 pair of boots
MR     ++...                    Q - amulet of resist corrosion
Stlth  +++.......               l - ring of protection from cold
                                U - ring of Sejieg {rElec rPois Str+3 Int-2 Dex+2}

@: mighty, flying, very slightly contaminated, hasted, very quick, very
resistant to hostile enchantments, fairly stealthy
A: able to fly continuously, big wings, repulsion field 1, molten scales 1,
rugged brown scales 1, dopey 1, fire resistance 1, negative energy resistance 1,
electricity resistance, wild magic 1, unbreathing, petrification resistance, rot
immunity, AC +11
a: Stop Flying, Minor Destruction, Lesser Servant of Makhleb, Major Destruction,
Greater Servant of Makhleb, Renounce Religion


You were on level 3 of the Spider Nest.
You worshipped Makhleb.
Makhleb was exalted by your worship.
You were not hungry.

You visited 5 branches of the dungeon, and saw 31 of its levels.
You also visited: Labyrinth and Ice Cave.

You collected 3106 gold pieces.
You spent 572 gold pieces at shops.

Inventory:

Hand weapons
 e - a +0 blowgun
 y - a +2 bardiche of protection (weapon)
 T - a +0 quarterstaff of crushing
Missiles
 d - 3 throwing nets (quivered)
 o - 8 tomahawks of returning
 B - 23 curare-tipped needles
Armour
 c - a +0 helmet (worn)
 f - the +2 pair of gloves of Activism (worn) {rF- MR+ Int+5 Dex-2 Stlth+}
   (You bought it in a shop on level 12 of the Dungeon)

   It affects your intelligence (+5).
   It affects your dexterity (-2).
   It makes you vulnerable to fire.
   It affects your resistance to hostile enchantments.
   It makes you more stealthy.
 D - the +5 ring mail of the Journeyman (worn) {Int+4 Dex+4}
   (You found it on level 5 of the Lair of Beasts)

   It affects your intelligence (+4).
   It affects your dexterity (+4).
 I - a +2 pair of boots (worn)
 M - a +0 cloak (worn)
Rods
 x - a +4 rod of clouds (14/14)
   (You found it on level 8 of the Lair of Beasts)
Jewellery
 l - a ring of protection from cold (right hand)
 v - an uncursed amulet of warding
 E - an uncursed amulet of stasis
 G - an uncursed ring of protection from fire
 J - an uncursed amulet of resist mutation
 Q - an amulet of resist corrosion (around neck)
 U - the ring of Sejieg (left hand) {rElec rPois Str+3 Int-2 Dex+2}
   (You found it on level 2 of the Lair of Beasts)

   [ring of dexterity]

   It affects your strength (+3).
   It affects your intelligence (-2).
   It affects your dexterity (+2).
   It insulates you from electricity.
   It protects you from poison.
Magical devices
 b - a wand of teleportation (4)
 j - a wand of disintegration (13)
 p - a wand of magic darts (30)
 r - a wand of fire (7)
 s - a wand of digging (7)
 t - a wand of frost (29)
 A - a wand of disintegration (3)
 H - a wand of invisibility (2)
 W - a wand of cold (8)
 Y - a wand of invisibility (4)
Scrolls
 i - a scroll of blinking
 n - a scroll of identify
 C - 7 scrolls of teleportation
 F - 10 scrolls of remove curse
 P - a scroll of fog
 V - 2 scrolls of magic mapping
Potions
 g - a potion of invisibility
 h - a potion of haste
 k - a potion of heal wounds
 m - 13 potions of curing
 q - a potion of brilliance
 u - a potion of resistance
 K - 3 potions of might
 O - 4 potions of agility
 S - a potion of cancellation
Miscellaneous
 z - a phial of floods
 Z - a stone of tremors
Comestibles
 a - 12 bread rations
 w - 2 beef jerkies
 L - 8 chunks of flesh
 N - 3 royal jellies


   Skills:
 - Level 12.9 Fighting
 - Level 10.1(11.7) Polearms
 - Level 10.8(12.5) Staves
   Level 3.8 Crossbows
 - Level 2.1 Throwing
 + Level 11.4 Armour
 - Level 10.0 Dodging
 - Level 3.1 Stealth
 - Level 7.3 Spellcasting
 + Level 2.1 Transmutations
 - Level 7.5 Poison Magic
 - Level 12.8 Invocations
 - Level 4.0 Evocations


You had 19 spell levels left.
You knew the following spells:

 Your Spells              Type           Power        Failure   Level  Hunger
a - Olgreb's Toxic Radia  Pois           #####...     19%         4    ####...
b - Stoneskin             Trmt/Erth      ##......     30%         2    None
c - Alistair's Intoxicat  Trmt/Pois      ####....     34%         4    ####...


Dungeon Overview and Level Annotations

Branches:
Dungeon (15/15)            Temple (1/1) D:5            Lair (8/8) D:9
 Shoals (0/5) Lair:5       Spider (3/5) Lair:3        Slime (0/6) Lair:7
    Orc (4/4) D:9             Elf (0/3) Orc:4        Vaults (0/5) D:14
 Depths (0/5) D:15

Altars:
Ashenzari
Cheibriados
Dithmenos
Elyvilon
Fedhas
Gozag
Kikubaaqudgha
Makhleb
Nemelex Xobeh
Okawaru
Qazlal
Ru
Sif Muna
Vehumet
Xom
Yredelemnul
Zin
The Shining One

Shops:
D:10 =   D:12 [   D:13 [   Orc:2 !   Orc:4 %=*(

Portals:
Trove: D:13 (give 24 scrolls of identify)

Annotations:
Spider:2 1 exclusion
Spider:3 siprus' ghost, mighty SpEn


Innate Abilities, Weirdness & Mutations

You are resistant to torment.
You are immune to poison.
You can fly continuously.
Your stone body is very resilient (AC +11).
Your wings are large and strong.
You resist negative energy.
You are resistant to electric shocks.
You can survive without breathing.
You are immune to petrification.
You are immune to rotting.
You are surrounded by a mild repulsion field (EV +2).
You are partially covered in molten scales (AC +1).
You are partially covered in rugged brown scales (AC +1, +3% HP).
You are dopey. (Int -2)
Your flesh is heat resistant.
Your spells are a little harder to cast, but a little more powerful.


Message History

The Executioner hits you.
* * * LOW HITPOINT WARNING * * *
The Executioner hits you but does no damage.
You are very lightly contaminated with residual magic.
You hit the Executioner!
The Executioner is lightly wounded.
The Executioner barely misses you.
The Executioner hits you but does no damage. x2
The Executioner hits you!
* * * LOW HITPOINT WARNING * * *
The Executioner hits you but does no damage.
The Executioner misses you.
Your cacodemon completely misses the Executioner.
Your cacodemon closely misses the Executioner.
Drink which item? (? for menu, Esc to quit)
You feel very mighty all of a sudden. The Executioner hits you!
* * * LOW HITPOINT WARNING * * *
The Executioner barely misses you. The Executioner hits you.
You die...

!2. .. #.##.#.
.... # .. # .
.. ... #.. . .
...###.. .)
...........
.........#.
.... .....
..^. #..# .
#..##@###.....
#..12...?#
##...^##...#
#..#.... .#
....#.##...
.^##.^.. ..#
#.^ ....## .
.. ....# #
#..#.#


You could see an Executioner and 2 friendly cacodemons.

Vanquished Creatures
  Kirke (D:15)
  Donald (D:14)
  A frost giant (IceCv)
  An emperor scorpion (Spider:3)
  An ettin (D:15)
  Snorg (Lair:8)
  A minotaur (Lab)
  Harold (Lair:1)
  8 hydras
  Erica (Lair:1)
  A centaur warrior (D:13)
  3 ogre magi (D:15)
  A tengu warrior (D:10)
  6 death yaks
  An orc high priest (Orc:4)
  3 unseen horrors
  9 hill giants
  A deep troll (D:15)
  An ice statue (IceCv)
  A wizard (D:15)
  4 lindwurms (Lair:6)
  3 orb spiders
  7 wolf spiders
  A cyclops (D:13)
  3 orc knights (Orc:4)
  3 orc sorcerers
  A siren (Lair:5)
  14 elephants
  3 ugly things
  Joseph (D:7)
  6 black mambas
  A molten gargoyle (Lair:5)
  3 torpor snails
  3 centaur skeletons
  5 gargoyles
  A yaktaur (D:15)
  20 spiny frogs
  3 fire drakes
  4 demonic crawlers
  2 kobold demonologists
  A redback zombie (D:14)
  8 komodo dragons
  A freezing wraith (D:14)
  4 wandering mushrooms (Lair:5)
  A guardian mummy (D:13)
  A giant leech (Lair:8)
  Sonja (D:15)
  12 polar bears
  4 jumping spiders
  4 slime creatures (D:13)
  A boulder beetle (Lair:6)
  A troll (D:11)
  16 blink frogs
  A centaur simulacrum (D:14)
  7 trapdoor spiders
  15 redbacks
  2 basilisks
  2 wraiths
  12 tarantellas
  6 hippogriffs
  A shadow (D:14)
  A hog (D:15)
  7 deep elf magi
  4 fire bats (Lair:5)
  66 yaks
  Grum (Orc:1)
  6 humans (D:14)
  2 steam dragons
  A warg (Orc:4)
  11 vampire mosquitoes
  13 water moccasins
  Edmund (D:9)
  Menkaure (D:5)
  33 wolves
  A soldier ant (D:13)
  A mottled dragon (D:12)
  10 porcupines
  4 sky beasts
  12 ice beasts
  2 black bears
  A necrophage (D:7)
  20 orc warriors
  4 wasps
  12 centaurs
  6 spiders
  17 ogres
  2 phantoms (D:10)
  A big kobold (D:11)
  8 crocodiles
  41 giant frogs
  A wyvern zombie (D:9)
  10 scorpions
  2 vampire bats (Lair:1)
  4 killer bees (D:7)
  3 wights
  3 lava snakes (Lair:2)
  3 electric eels
  A giant frog zombie (D:10)
  A goliath beetle (D:9)
  7 crimson imps
  8 jellies
  A centaur zombie (D:8)
  2 quasits (D:11)
  23 orc priests
  35 orc wizards
  A giant frog skeleton (D:4)
  12 hounds
  12 iguanas
  Natasha (thrice) (D:3)
  11 worker ants
  16 sheep
  Ijyb (D:2)
  Jessica (D:6)
  A hound zombie (D:10)
  Terence (D:3)
  Robin (D:3)
  30 adders
  2 scorpion zombies (D:8)
  7 gnolls (D:6)
  64 river rats
  4 shadow imps
  2 giant mites
  4 worms
  An adder zombie (D:10)
  2 oozes
  161 orcs
  A bat zombie (D:7)
  4 giant cockroaches
  29 goblins
  25 hobgoblins
  10 jackals
  A ball python (D:6)
  28 bats
  A giant gecko (D:4)
  A giant gecko skeleton (D:8)
  2 giant newts
  A giant spore (D:12)
  A hobgoblin zombie (Orc:3)
  37 kobolds
  An orc skeleton (D:10)
  12 quokkas
  19 rats
  3 ballistomycetes
  3 fungi
  2 plants
1144 creatures vanquished.

Vanquished Creatures (collateral kills)
  Fannar (D:14)
  A hydra (D:14)
  5 death yaks (Lair:6)
  2 orc high priests (Orc:4)
  A skeletal warrior (D:14)
  An unseen horror (D:14)
  A hill giant (D:11)
  An orc knight (Orc:4)
  2 orc sorcerers (Orc:4)
  A manticore (D:14)
  A cyclops (D:11)
  A moth of wrath (Spider:3)
  A two-headed ogre (D:14)
  A deep elf mage (D:14)
  8 humans (D:14)
  6 yaks
  A hippogriff (D:10)
  4 orc warriors
  4 orc zombies (Orc:4)
  A big kobold (D:14)
  A crimson imp (D:14)
  A giant frog skeleton (D:11)
  An orc priest (Orc:4)
  2 orc wizards (D:11)
  A worker ant (D:14)
  An adder (Lair:6)
  5 river rats (Lair:6)
  An orc (D:11)
  2 kobolds (D:14)
  2 ballistomycetes (D:11)
61 creatures vanquished.

Vanquished Creatures (others)
  A blizzard demon (Orc:4)
  A green death (D:14)
  A spiny frog (Lair:8)
  A ynoxinul (Lair:2)
  7 humans
  Sigmund (D:3)
  A sheep (Lair:6)
  An adder (D:3)
  2 giant spores
  3 bushes (Lair:7)
  7 fungi
  15 plants
41 creatures vanquished.

Grand Total: 1246 creatures vanquished

Notes
Turn   | Place    | Note
--------------------------------------------------------------
     0 | D:1      | Psiweapon, the Gargoyle Gladiator, began the quest for the Orb.
     0 | D:1      | Reached XP level 1. HP: 12/12 MP: 1/1
   355 | D:1      | Reached XP level 2. HP: 18/18 MP: 2/2
   788 | D:2      | Reached XP level 3. HP: 22/22 MP: 3/3
   882 | D:2      | Found a shadowy altar of Dithmenos.
   913 | D:2      | Noticed Ijyb
   927 | D:2      | Killed Ijyb
   927 | D:2      | Reached skill level 1 in Armour
   927 | D:2      | Reached XP level 4. HP: 27/27 MP: 4/4
  1610 | D:4      | Reached XP level 5. HP: 18/32 MP: 5/5
  2021 | D:3      | Noticed Natasha
  2038 | D:3      | Killed Natasha
  2038 | D:3      | Reached skill level 4 in Staves
  2207 | D:3      | Noticed Natasha
  2213 | D:3      | Killed Natasha
  2214 | D:3      | Noticed Terence
  2232 | D:3      | Noticed Natasha
  2238 | D:3      | Killed Natasha
  2239 | D:3      | Reached XP level 6. HP: 24/37 MP: 6/6
  2263 | D:3      | Killed Terence
  2530 | D:3      | Reached skill level 1 in Crossbows
  2676 | D:3      | Noticed Robin
  2711 | D:3      | Killed Robin
  3065 | D:3      | Found a sparkling altar of Nemelex Xobeh.
  3066 | D:3      | Found an opulent altar of Gozag.
  3305 | D:3      | Reached XP level 7. HP: 42/42 MP: 7/7
  3483 | D:3      | Found a glowing golden altar of the Shining One.
  3484 | D:3      | Noticed an angel
  3484 | D:3      | Noticed Sigmund
  3486 | D:3      | Killed Sigmund
  3490 | D:3      | Found a basalt altar of Yredelemnul.
  3491 | D:3      | Noticed a profane servitor
  4479 | D:4      | Reached skill level 5 in Staves
  4559 | D:4      | Found a deep blue altar of Sif Muna.
  4569 | D:4      | You fall through a shaft for 2 floors!
  4593 | D:6      | Reached XP level 8. HP: 45/48 MP: 8/8
  4597 | D:6      | Gained mutation: You are surrounded by a mild repulsion field (EV +2). [mutagenic meat]
  4598 | D:6      | Gained mutation: Your mind is acute. (Int +2) [mutagenic meat]
  4871 | D:5      | Entered Level 5 of the Dungeon
  4871 | D:5      | Found a shimmering altar of Xom.
  4955 | D:5      | Reached skill level 5 in Dodging
  5016 | D:5      | Found a white marble altar of Elyvilon.
  5017 | D:5      | Found an iron altar of Okawaru.
  5197 | D:5      | Reached skill level 6 in Staves
  5469 | D:5      | Gained mutation: Your flesh is heat resistant. [mutagenic meat]
  5470 | D:5      | Lost mutation: Your mind is acute. (Int +2) [mutagenic meat]
  5628 | D:5      | Noticed Menkaure
  5640 | D:5      | Killed Menkaure
  5640 | D:5      | Reached skill level 5 in Fighting
  5801 | D:5      | Reached XP level 9. HP: 52/54 MP: 9/9
  5915 | D:4      | Reached skill level 7 in Staves
  5965 | D:4      | Noticed an ogre
  5969 | D:4      | Killed an ogre
  6095 | D:5      | Reached skill level 1 in Stealth
  6141 | D:5      | Found a staircase to the Ecumenical Temple.
  6148 | Temple   | Entered the Ecumenical Temple
  6270 | Temple   | Became a worshipper of Makhleb the Destroyer
  6451 | D:6      | Reached skill level 5 in Armour
  6973 | D:6      | Reached skill level 1 in Invocations
  7184 | D:6      | Found a sparkling altar of Nemelex Xobeh.
  7184 | D:6      | Noticed Jessica
  7188 | D:6      | Killed Jessica
  7315 | D:6      | Found a deep blue altar of Sif Muna.
  7574 | D:7      | Noticed Joseph
  7597 | D:7      | Killed Joseph
  7597 | D:7      | Reached skill level 8 in Staves
  8773 | D:8      | Reached XP level 10. HP: 52/61 MP: 16/16
  8800 | D:8      | Acquired Makhleb's first power
  9339 | D:8      | Reached skill level 9 in Staves
  9916 | D:10     | Entered Level 10 of the Dungeon
 10044 | D:9      | Found a sacrificial altar of Ru.
 10152 | D:9      | Found a staircase to the Orcish Mines.
 10229 | D:9      | Found a radiant altar of Vehumet.
 10270 | D:9      | Noticed Edmund
 10285 | D:9      | Killed Edmund
 10383 | D:9      | Reached skill level 5 in Invocations
 10390 | D:9      | Found a staircase to the Lair.
 10429 | D:9      | Acquired Makhleb's second power
 10679 | Lair:1   | Entered Level 1 of the Lair of Beasts
 10681 | Lair:1   | Noticed a four-headed hydra
 10707 | Lair:1   | Killed a five-headed hydra
 10708 | Lair:1   | Reached skill level 10 in Staves
 11018 | Lair:1   | Reached skill level 1 in Polearms
 11199 | Lair:1   | Noticed an eight-headed hydra
 11207 | Lair:1   | Killed an eight-headed hydra
 11207 | Lair:1   | Reached skill level 1 in Evocations
 11207 | Lair:1   | Reached XP level 11. HP: 59/69 MP: 19/21
 11346 | Lair:1   | Acquired Makhleb's third power
 11565 | Lair:1   | Noticed Harold
 11584 | Lair:1   | Killed Harold
 11672 | Lair:1   | Noticed Erica
 11688 | Lair:1   | Killed Erica
 12428 | Lair:2   | Noticed a six-headed hydra
 12443 | Lair:2   | Killed a six-headed hydra
 12662 | Lair:2   | Got a coiled brass ring
 12663 | Lair:2   | Identified the ring of Sejieg {rElec rPois Str+3 Int-2 Dex+2} (You found it on level 2 of the Lair of Beasts)
 12911 | Lair:2   | Acquired Makhleb's fourth power
 12960 | Lair:2   | Noticed a five-headed hydra
 12982 | Lair:2   | Killed a five-headed hydra
 13703 | Lair:2   | Reached XP level 12. HP: 77/77 MP: 23/25
 13832 | Lair:2   | Reached skill level 10 in Fighting
 14022 | Lair:2   | Noticed a four-headed hydra
 14027 | Lair:2   | Killed a four-headed hydra
 14447 | Lair:3   | Reached skill level 10 in Invocations
 14712 | Lair:3   | Noticed a seven-headed hydra
 14726 | Lair:3   | Killed an eight-headed hydra
 14962 | Lair:3   | Reached skill level 5 in Polearms
 14982 | Lair:3   | Found a hole to the Spider Nest.
 15102 | Lair:3   | Noticed an eight-headed hydra
 15111 | Lair:3   | Killed an eight-headed hydra
 15455 | Lair:4   | Reached skill level 11 in Invocations
 15573 | Lair:4   | Acquired Makhleb's fifth power
 16678 | Lair:5   | Reached XP level 13. HP: 82/84 MP: 28/28
 16736 | Lair:5   | Reached skill level 12 in Invocations
 17059 | Lair:5   | Got a spiked ring mail
 17369 | Lair:5   | Found a staircase to the Shoals.
 17770 | Lair:6   | Identified the +5 ring mail of the Journeyman {Int+4 Dex+4} (You found it on level 5 of the Lair of Beasts)
 19335 | Lair:7   | Gained mutation: Your wings are large and strong. [gargoyle growth]
 19335 | Lair:7   | Reached XP level 14. HP: 91/91 MP: 29/29
 19422 | Lair:7   | Found a staircase to the Slime Pits.
 20616 | Lair:8   | Entered Level 8 of the Lair of Beasts
 20790 | Lair:8   | Noticed Snorg
 20805 | Lair:8   | Killed Snorg
 21397 | Lair:8   | Identified a +4 rod of clouds (14/14) (You found it on level 8 of the Lair of Beasts)
 21891 | D:10     | Found Rofyuch's Jewellery Emporium.
 21892 | D:10     | Noticed a hill giant
 22008 | D:10     | Noticed a tengu warrior
 22012 | D:10     | Noticed a hill giant
 22015 | D:10     | Killed a tengu warrior
 22018 | D:10     | Killed a hill giant
 22029 | D:10     | Killed a hill giant
 22219 | D:10     | Found a staircase to the Orcish Mines.
 22912 | D:11     | Found a frozen archway.
 22926 | D:11     | Reached XP level 15. HP: 97/97 MP: 30/30
 22959 | IceCv    | Entered an ice cave
 23112 | IceCv    | Reached skill level 10 in Dodging
 23439 | IceCv    | Noticed a frost giant
 23457 | IceCv    | Killed a frost giant
 23457 | IceCv    | Reached skill level 10 in Polearms
 24410 | D:12     | Found Fruelez's Antique Armour Boutique.
 24429 | D:12     | Bought a pair of spiked gloves for 247 gold pieces
 24444 | D:12     | Identified the +2 pair of gloves of Activism {rF- MR+ Int+5 Dex-2 Stlth+} (You bought it in a shop on level 12 of the Dungeon)
 24444 | D:12     | Bought a pair of embroidered gloves for 117 gold pieces
 24495 | D:12     | Learned a level 4 spell: Olgreb's Toxic Radiance
 24510 | D:12     | Found a glowing silver altar of Zin.
 24854 | Spider:1 | Entered Level 1 of the Spider Nest
 26369 | Spider:1 | Reached skill level 10 in Armour
 27271 | D:12     | Reached skill level 1 in Poison Magic
 27300 | D:12     | Reached skill level 1 in Spellcasting
 27411 | D:12     | Gained mutation: You are partially covered in molten scales (AC +1). [mutagenic meat]
 27412 | D:12     | Gained mutation: You are partially covered in rugged brown scales (AC +1, +3% HP). [mutagenic meat]
 27413 | D:12     | Gained mutation: You are dopey. (Int -2) [mutagenic meat]
 27414 | D:12     | Gained mutation: You evolve. [mutagenic meat]
 27647 | D:13     | Gained mutation: Your spells are a little harder to cast, but a little more powerful. [evolution]
 27647 | D:13     | Lost mutation: You evolve. [end of evolution]
 28155 | D:13     | Found Pavaept's Armour Emporium.
 28317 | D:13     | Found a portal to a secret trove of treasure.
 28858 | D:14     | Found a gate to the Vaults.
 28858 | D:14     | Noticed Donald
 28875 | D:14     | Killed Donald
 28882 | D:14     | Reached XP level 16. HP: 102/106 MP: 31/31
 28965 | D:14     | Noticed Fannar
 28973 | D:14     | Killed Fannar
 29475 | D:15     | Entered Level 15 of the Dungeon
 29537 | D:15     | Reached skill level 5 in Poison Magic
 29593 | D:15     | Found a staircase to the Depths.
 29596 | D:15     | Noticed Kirke
 29600 | D:15     | Reached skill level 5 in Spellcasting
 29606 | D:15     | Killed Kirke
 29829 | D:15     | Noticed Sonja
 29835 | D:15     | Killed Sonja
 30118 | D:15     | Found a blossoming altar of Fedhas.
 30550 | Lair:1   | Learned a level 2 spell: Stoneskin
 30578 | Orc:1    | Entered Level 1 of the Orcish Mines
 30634 | Orc:1    | Noticed Grum
 30643 | Orc:1    | Killed Grum
 30916 | Orc:2    | Found Schuahoir's Distillery.
 30925 | Orc:2    | Bought a potion of curing for 39 gold pieces
 30925 | Orc:2    | Bought a potion of haste for 130 gold pieces
 30925 | Orc:2    | Bought a potion of curing for 39 gold pieces
 31104 | Orc:1    | Noticed Maurice
 31104 | Orc:1    | Noticed Maurice
 31104 | Orc:1    | Maurice changed into Maurice the steam dragon
 31112 | Orc:1    | Killed Maurice the steam dragon
 31416 | Orc:4    | Entered Level 4 of the Orcish Mines
 31439 | Orc:4    | Found Briadom's Jewellery Boutique.
 31471 | Orc:4    | Found a labyrinth entrance.
 31490 | Lab      | Entered a labyrinth
 32150 | Lab      | Got a translucent scale mail
 32161 | Lab      | Identified the +6 scale mail "Pidohats" {+Blink MR- Regen+ Str+4 Stlth+} (You found it in a labyrinth)
 33688 | Orc:4    | Found a staircase to the Elven Halls.
 33936 | Orc:4    | Found Klaffaju's Food Boutique.
 33947 | Orc:4    | Found Qabatid's Assorted Antiques.
 33968 | Orc:4    | Found Ixean's Weapon Shoppe.
 34568 | Lair:1   | Learned a level 4 spell: Alistair's Intoxication
 35084 | Spider:3 | Reached skill level 1 in Transmutations
 35251 | Spider:3 | Noticed siprus' ghost (mighty SpEn)
 35255 | Spider:3 | Noticed an Executioner
 35277 | Spider:3 | HP: 3/106 [Executioner[the player character] (13)]
 35277 | Spider:3 | Slain by an Executioner

Action                   |  1- 3 |  4- 6 |  7- 9 | 10-12 | 13-15 | 16-18 || total
-------------------------+-------+-------+-------+-------+-------+-------++-------
Melee: Quarterstaff      |    84 |   242 |   572 |   283 |       |       ||  1181
       Dagger            |       |     2 |       |       |       |       ||     2
       Halberd           |       |       |    14 |   124 |     9 |       ||   147
       Bardiche          |       |       |       |   452 |  1146 |   569 ||  2167
 Fire: Hand crossbow     |       |    22 |    24 |     2 |    15 |       ||    63
       Blowgun           |       |       |       |       |     1 |     2 ||     3
Throw: Stone             |    11 |       |       |       |       |       ||    11
       Throwing net      |       |     4 |       |       |       |       ||     4
 Cast: Olgreb's Toxic Ra |       |       |       |       |       |    11 ||    11
       Stoneskin         |       |       |       |       |       |     1 ||     1
Invok: Minor Destruction |       |       |       |    60 |   124 |    20 ||   204
       Major Destruction |       |       |       |    19 |   204 |    94 ||   317
       Lesser Servant of |       |       |       |     1 |       |       ||     1
       Greater Servant o |       |       |       |       |     4 |     5 ||     9
 Abil: Fly               |       |       |       |       |     1 |       ||     1
Evoke: Wand              |       |       |     1 |    17 |     1 |     3 ||    22
       Rod               |       |       |       |       |     4 |     2 ||     6
  Use: Scroll            |       |       |     4 |    15 |    14 |     8 ||    41
       Potion            |       |       |     3 |     6 |     2 |     3 ||    14
 Stab: Distracted        |       |       |       |       |     2 |     1 ||     3
       Sleeping          |       |       |       |       |     4 |     7 ||    11
  Eat: Chunk             |       |     8 |    18 |    30 |    66 |    30 ||   152
       Pizza             |       |       |     2 |     1 |       |       ||     3
       Beef jerky        |       |       |     1 |       |     4 |     1 ||     6
       Fruit             |       |       |       |       |     5 |       ||     5
       Meat ration       |       |       |       |       |     1 |     1 ||     2
       Bread ration      |       |       |       |       |       |     1 ||     1
